Marlies vs Thunderbirds
Created - January 17, 2022 at 20:34
Goals
|
| Marlies |
2 |
1 |
0 |
0 |
2 |
4 |
| Thunderbirds |
0 |
2 |
1 |
0 |
0 |
3 |
|
Shots
|
| Marlies |
13 |
12 |
3 |
3 |
3 |
31 |
| Thunderbirds |
6 |
16 |
6 |
2 |
2 |
30 |
|
1st period
1. Marlies , JT Compher 6 (Haydn Fleury 2, Nick Ritchie 13) at 3:46
2. Marlies , Linden Vey 6 (Johan Larsson 4, Aleksi Saarela 3) at 16:52
Penalties :
Nick Ritchie (Tor) for Hooking (Minor) at 1:20, Elias Lindholm (Spr) for Roughing (Minor) at 7:11, Tom Kuhnhackl (Spr) for Boarding (Minor) at 18:10
2nd period
3. Marlies , Logan Brown 5 (Linden Vey 4, Johan Larsson 5) at 2:22
4. Thunderbirds , Kirill Kaprizov 5 (Niklas Hansson 11, Griffin Reinhart 12) at 4:47 (PP)
5. Thunderbirds , Tanner Laczynski 4 (John Draeger 6, Viktor Baldayev 4) at 6:01
Penalties :
Pavel Zacha (Tor) for Holding (Minor) at 3:59
3rd period
6. Thunderbirds , Tom Kuhnhackl 7 (Elias Lindholm 16, Kirill Kaprizov 6) at 11:14
Penalties :
Valentin Zykov (Spr) for Hooking (Minor) at 0:41, Keaton Thompson (Spr) for Boarding (Minor) at 4:01, Niklas Hansson (Spr) for Hooking (Minor) at 12:21
Overtime #1
No Goal
Penalties :
No Penalty
Shootout
Marlies, Nick Ritchie - Stopped by Carter Hutton
Thunderbirds, Tanner Laczynski - Shot Misses the Net
Marlies, Aleksi Saarela - Goal!
Thunderbirds, Tom Kuhnhackl - Stopped by Malcolm Subban
Marlies, JT Compher - Goal!
Penalties :
No Penalty
Goalie Stats
Malcolm Subban (Tor), 27 saves from 30 shots - (0.900), W, 5-4-0, 65:00 minutes
Carter Hutton (Spr), 28 saves from 31 shots - (0.903), OTL, 5-1-2, 65:00 minutes
Players Stats for Marlies
Player Name G A P +/- PIM S H SB GA TA FO MP PP MP PK MP
------------------------------------------------------------------------------------
Aleksi Saarela 0 1 1 0 0 3 0 0 0 0 2/12 18:52 4:25 0:11
Brett Pesce 0 0 0 -2 0 0 2 2 0 0 0/0 23:39 5:43 1:17
Haydn Fleury 0 1 1 2 0 0 1 1 0 1 0/0 29:44 4:12 1:30
Jakob Forsbacka-Karlsson 0 0 0 0 0 0 0 0 0 0 1/2 7:32 0:38 0:00
Jeff Corbett 0 0 0 2 0 1 0 1 0 1 0/0 13:01 0:08 0:31
Johan Larsson 0 2 2 1 0 3 1 2 0 0 0/0 12:22 0:56 0:50
JT Compher 1 0 1 0 0 2 3 0 1 0 1/3 24:17 4:08 0:52
Linden Vey 1 1 2 1 0 3 0 0 1 0 1/1 15:19 5:22 0:00
Logan Brown 1 0 1 1 0 2 1 0 0 0 8/14 13:12 0:00 1:32
Lucas Carlsson 0 0 0 1 0 0 2 2 0 1 0/0 11:35 0:00 0:00
Mathieu Olivier 0 0 0 0 0 1 2 0 0 1 0/1 6:34 0:09 0:00
Neal Pionk 0 0 0 0 0 4 2 2 1 0 0/0 27:35 5:35 1:17
Nicholas Baptiste 0 0 0 0 0 2 4 0 1 1 0/1 19:01 4:24 0:53
Nick Ritchie 0 1 1 0 2 7 1 0 0 1 1/2 25:55 4:51 0:36
Pavel Zacha 0 0 0 0 2 1 2 0 0 0 7/20 25:24 4:52 0:40
Shane Prince 0 0 0 0 0 0 1 0 0 0 0/0 12:38 0:00 0:00
Tim Erixon 0 0 0 -1 0 2 1 3 0 0 0/0 24:22 4:12 0:59
Tyler Benson 0 0 0 0 0 0 0 0 0 0 0/0 6:09 0:00 0:00
Players Stats for Thunderbirds
Player Name G A P +/- PIM S H SB GA TA FO MP PP MP PK MP
------------------------------------------------------------------------------------
Clayton Keller 0 0 0 1 0 0 0 0 0 0 0/0 7:58 0:00 0:00
Elias Lindholm 0 1 1 -1 2 2 1 0 0 0 18/20 18:00 1:04 2:57
Griffin Reinhart 0 1 1 -1 0 5 1 2 1 1 0/0 28:48 2:10 4:53
Hudson Fasching 0 0 0 -1 0 1 0 1 0 0 0/0 10:12 0:00 0:00
Jake Walman 0 0 0 -1 0 0 0 0 0 0 0/0 13:10 0:00 0:53
Jerry D'Amigo 0 0 0 0 0 2 1 0 1 1 1/2 24:43 1:43 4:56
John Draeger 0 1 1 1 0 0 3 3 0 0 0/0 23:42 0:37 4:49
Keaton Thompson 0 0 0 -1 2 1 0 0 0 0 0/0 12:54 0:00 0:30
Kirill Kaprizov 1 1 2 -1 0 3 1 1 0 0 0/0 18:41 1:04 3:11
Matt Puempel 0 0 0 -1 0 1 1 0 0 0 0/1 11:39 0:00 1:01
Mitchell Heard 0 0 0 -1 0 0 0 0 2 0 1/2 10:26 0:00 0:27
Niklas Hansson 0 1 1 -1 2 2 2 3 0 0 0/0 28:15 2:10 4:13
Quinton Howden 0 0 0 0 0 2 1 0 1 0 12/25 27:14 1:43 5:02
Roberts Lipsbergs 0 0 0 1 0 1 2 0 0 0 0/0 6:28 0:00 0:00
Tanner Laczynski 1 0 1 1 0 2 1 0 0 0 1/2 6:28 0:00 0:00
Tom Kuhnhackl 1 0 1 -1 2 7 1 0 0 0 2/2 16:07 1:04 2:16
Valentin Zykov 0 0 0 0 2 1 1 2 1 0 0/2 21:58 1:43 0:00
Viktor Baldayev 0 1 1 1 0 0 1 1 0 2 0/0 23:17 0:37 4:32
3 Stars
1 - Linden Vey (Tor)
2 - Johan Larsson (Tor)
3 - Logan Brown (Tor)
Power Play
Marlies - 0 on 5 Attempt(s) - 0.00%
Thunderbirds - 1 on 2 Attempt(s) - 50.00%
Penalty Kill
Marlies - 1 on 2 Attempt(s) - 50.00%
- Score 0 goal in Penalty Kill
Thunderbirds - 5 on 5 Attempt(s) - 100.00%
- Score 0 goal in Penalty Kill
Team Stat
Marlies - Hits : 23 - Faceoff Wins : 21 - Blocked Shots : 13 - Penalty Minutes : 4
Thunderbirds - Hits : 17 - Faceoff Wins : 35 - Blocked Shots : 13 - Penalty Minutes : 10
Official
Referees : Mitch Dunning and TJ Luxmore
Linesman : Tyson Baker and James Tobias
Game Notes
No Game Note
Finance
Level 1 -- Attendance: 1740 (87.00%) -- Ticket Income $60,900
Level 2 -- Attendance: 874 (87.40%) -- Ticket Income $13,110
Total Attendance: 2614 (87.13%)
Total Ticket Income: $74,010
Other Income: $3,700
Total Income: $77,710
Marlies
5 vs 5 Forward
Center Left Wing Right Wing Time % Phy DF OF
1 Pavel Zacha Nick Ritchie JT Compher 40 1 2 2
2 Aleksi Saarela Shane Prince Nicholas Baptiste 30 1 2 2
3 Logan Brown Johan Larsson Linden Vey 20 1 2 2
4 Jakob Forsbacka-Karlsson Tyler Benson Mathieu Olivier 10 1 2 2
5 vs 5 Defense
Defense Defense Time % Phy DF OF
1 Haydn Fleury Neal Pionk 40 1 2 2
2 Tim Erixon Brett Pesce 30 1 2 2
3 Jeff Corbett Lucas Carlsson 20 1 2 2
4 Haydn Fleury Tim Erixon 10 1 2 2
PowerPlay Forward
Center Left Wing Right Wing Time % Phy DF OF
1 Pavel Zacha Nick Ritchie Linden Vey 60 1 2 2
2 Aleksi Saarela JT Compher Nicholas Baptiste 40 1 2 2
PowerPlay Defense
Defense Defense Time % Phy DF OF
1 Neal Pionk Brett Pesce 60 1 2 2
2 Haydn Fleury Tim Erixon 40 1 2 2
Penalty Kill 4 Players Forward
Center Wing Time % Phy DF OF
1 Logan Brown Nick Ritchie 60 1 2 2
2 Pavel Zacha JT Compher 40 1 2 2
Penalty Kill 4 Players Defense
Defense Defense Time % Phy DF OF
1 Haydn Fleury Tim Erixon 60 1 2 2
2 Neal Pionk Brett Pesce 40 1 2 2
Penalty Kill - 3 Players Forward
Forward Time % Phy DF OF
1 Logan Brown 60 1 2 2
2 Pavel Zacha 40 1 2 2
Penalty Kill - 3 Players Defense
Defense Defense Time % Phy DF OF
1 Haydn Fleury Tim Erixon 60 1 2 2
2 Neal Pionk Brett Pesce 40 1 2 2
4 vs 4 Forward
Center Wing Time % Phy DF OF
1 Logan Brown Nick Ritchie 60 1 2 2
2 Pavel Zacha JT Compher 40 1 2 2
4 vs 4 Defense
Defense Defense Time % Phy DF OF
1 Haydn Fleury Tim Erixon 60 1 2 2
2 Neal Pionk Brett Pesce 40 1 2 2
Last Minutes Offensive
Center Left Wing Right Wing Defense Defense
Pavel Zacha Nick Ritchie Linden Vey Haydn Fleury Neal Pionk
Last Minutes Defensive
Center Left Wing Right Wing Defense Defense
Pavel Zacha Nick Ritchie Linden Vey Haydn Fleury Tim Erixon
Goaltenders
Starting : Malcolm Subban
Backup : Charlie Lindgren
Extra Forwards
Normal : Aleksi Saarela, Pavel Zacha, Nicholas Baptiste - PP : JT Compher, Pavel Zacha - PK : Nicholas Baptiste
Extra Defensemen
Normal : Brett Pesce, Haydn Fleury, Lucas Carlsson - PP : Jeff Corbett - PK : Haydn Fleury, Jeff Corbett
Penalty Shots
Nick Ritchie, Aleksi Saarela, JT Compher, Linden Vey, Pavel Zacha
Scratches
Brycen Martin (Healthy), Colton Sissons (Sprained Left Ankle Injury), Dennis Gilbert (Healthy), Henri Ikonen (Healthy), Jaden Lindo (Healthy)
Radovan Bondra (Healthy), Simon Bourque (Healthy), Tobias Lindberg (Healthy), Zack MacEwen (Healthy), Otto Koivula (Healthy)
Jamie Phillips (Healthy)
Thunderbirds
5 vs 5 Forward
Center Left Wing Right Wing Time % Phy DF OF
1 Quinton Howden Valentin Zykov Jerry D'Amigo 40 0 2 3
2 Elias Lindholm Kirill Kaprizov Tom Kuhnhackl 30 0 2 3
3 Mitchell Heard Matt Puempel Hudson Fasching 20 1 2 2
4 Tanner Laczynski Roberts Lipsbergs Clayton Keller 10 0 2 3
5 vs 5 Defense
Defense Defense Time % Phy DF OF
1 Griffin Reinhart Niklas Hansson 40 0 2 3
2 Viktor Baldayev John Draeger 30 1 2 2
3 Keaton Thompson Jake Walman 20 1 2 2
4 Griffin Reinhart Niklas Hansson 10 0 2 3
PowerPlay Forward
Center Left Wing Right Wing Time % Phy DF OF
1 Quinton Howden Valentin Zykov Jerry D'Amigo 60 0 1 4
2 Elias Lindholm Kirill Kaprizov Tom Kuhnhackl 40 0 1 4
PowerPlay Defense
Defense Defense Time % Phy DF OF
1 Griffin Reinhart Niklas Hansson 60 0 2 3
2 Viktor Baldayev John Draeger 40 0 2 3
Penalty Kill 4 Players Forward
Center Wing Time % Phy DF OF
1 Quinton Howden Jerry D'Amigo 60 1 3 1
2 Elias Lindholm Tom Kuhnhackl 40 1 3 1
Penalty Kill 4 Players Defense
Defense Defense Time % Phy DF OF
1 Griffin Reinhart Niklas Hansson 60 1 4 0
2 Viktor Baldayev John Draeger 40 1 4 0
Penalty Kill - 3 Players Forward
Forward Time % Phy DF OF
1 Quinton Howden 60 1 3 1
2 Jerry D'Amigo 40 1 3 1
Penalty Kill - 3 Players Defense
Defense Defense Time % Phy DF OF
1 Griffin Reinhart Niklas Hansson 60 1 4 0
2 Viktor Baldayev John Draeger 40 1 4 0
4 vs 4 Forward
Center Wing Time % Phy DF OF
1 Quinton Howden Valentin Zykov 60 0 2 3
2 Elias Lindholm Kirill Kaprizov 40 0 2 3
4 vs 4 Defense
Defense Defense Time % Phy DF OF
1 Griffin Reinhart Niklas Hansson 60 0 2 3
2 Viktor Baldayev John Draeger 40 0 2 3
Last Minutes Offensive
Center Left Wing Right Wing Defense Defense
Quinton Howden Valentin Zykov Jerry D'Amigo Griffin Reinhart Niklas Hansson
Last Minutes Defensive
Center Left Wing Right Wing Defense Defense
Quinton Howden Valentin Zykov Jerry D'Amigo Griffin Reinhart Niklas Hansson
Goaltenders
Starting : Carter Hutton
Backup : Igor Bobkov
Extra Forwards
Normal : Kirill Kaprizov, Valentin Zykov, Clayton Keller - PP : Kirill Kaprizov, Valentin Zykov - PK : Kirill Kaprizov
Extra Defensemen
Normal : John Draeger, Niklas Hansson, Griffin Reinhart - PP : Viktor Baldayev - PK : Viktor Baldayev, Jake Walman
Penalty Shots
Tanner Laczynski, Tom Kuhnhackl, Quinton Howden, Elias Lindholm, Kirill Kaprizov
Scratches
Connor Honey (Healthy), Dmytro Timashov (Healthy), Kerby Rychel (Sports Hernia Injury), Kyle Platzer (Healthy), Lukas Vejdemo (Healthy)
Michael McCarron (Healthy), Michal Jordan (Strained Right Knee Injury), Nelson Nogier (Healthy), Nicklas Jensen (Healthy), Calvin Thurkauf (Healthy)
Artur Kayumov (Healthy), Niklas Treutle (Healthy), Artyom Zagidulin (Healthy)
% Time on Ice - Marlies
Lines # - Real PCT - Wanted PCT - Time Play
Normal Forward
1 - 38% - 40% - 18:02
2 - 30% - 30% - 14:07
3 - 19% - 20% - 9:00
4 - 13% - 10% - 6:09
Normal Defense
1 - 42% - 40% - 19:44
2 - 30% - 30% - 14:06
3 - 24% - 20% - 11:17
4 - 5% - 10% - 2:11
PP Forward
1 - 55% - 60% - 5:30
2 - 45% - 40% - 4:25
PP Defense
1 - 58% - 60% - 5:43
2 - 42% - 40% - 4:12
PK Forward
1 - 69% - 60% - 1:55
2 - 31% - 40% - 0:52
PK Defense
1 - 54% - 60% - 1:30
2 - 46% - 40% - 1:17
PK3 Forward
1 - 0% - 60%
2 - 0% - 40%
PK3 Defense
1 - 0% - 60%
2 - 0% - 40%
44 Forward
1 - 88% - 60% - 4:24
2 - 12% - 40% - 0:36
44 Defense
1 - 58% - 60% - 2:54
2 - 42% - 40% - 2:06
Last Minute Offensive - 0:00
Last Minute Defensive - 0:00
Total
Forward - 65:00
Defense - 65:00
|
% Time on Ice - Thunderbirds
Lines # - Real PCT - Wanted PCT - Time Play
Normal Forward
1 - 39% - 40% - 18:31
2 - 27% - 30% - 12:34
3 - 21% - 20% - 9:45
4 - 14% - 10% - 6:28
Normal Defense
1 - 38% - 40% - 18:06
2 - 34% - 30% - 16:12
3 - 26% - 20% - 12:17
4 - 2% - 10% - 0:43
PP Forward
1 - 62% - 60% - 1:43
2 - 38% - 40% - 1:04
PP Defense
1 - 78% - 60% - 2:10
2 - 22% - 40% - 0:37
PK Forward
1 - 72% - 60% - 7:10
2 - 28% - 40% - 2:45
PK Defense
1 - 56% - 60% - 5:36
2 - 44% - 40% - 4:19
PK3 Forward
1 - 0% - 60%
2 - 0% - 40%
PK3 Defense
1 - 0% - 60%
2 - 0% - 40%
44 Forward
1 - 88% - 60% - 4:25
2 - 12% - 40% - 0:35
44 Defense
1 - 61% - 60% - 3:04
2 - 39% - 40% - 1:56
Last Minute Offensive - 0:00
Last Minute Defensive - 0:00
Total
Forward - 65:00
Defense - 65:00
|
Play-by-Play
1st period
0:01 of 1st period - Quinton Howden wins face-off versus Pavel Zacha in neutral zone.
0:13 of 1st period - Icing by Griffin Reinhart.
0:14 of 1st period - Jerry D'Amigo wins face-off versus Aleksi Saarela in Thunderbirds zone.
0:19 of 1st period - Shane Prince is hit by Griffin Reinhart and loses puck.
1:01 of 1st period - Nick Ritchie is hit by Roberts Lipsbergs and loses puck.
1:20 of 1st period - Minor Penalty to Nick Ritchie for Hooking.
1:21 of 1st period - Logan Brown wins face-off versus Quinton Howden in Marlies zone.
1:30 of 1st period - Tim Erixon is hit by Niklas Hansson and loses puck.
1:57 of 1st period - Slapshot by Kirill Kaprizov.
1:57 of 1st period - Stopped by Malcolm Subban with a rebound.
3:20 of 1st period - Penalty to Nick Ritchie is over, Nick Ritchie is back on ice.
3:30 of 1st period - Slapshot by Nick Ritchie.
3:30 of 1st period - Shot Blocked by John Draeger.
3:32 of 1st period - Slapshot by Nick Ritchie.
3:32 of 1st period - Shot Blocked by John Draeger.
3:34 of 1st period - Wrist shot by Nick Ritchie.
3:34 of 1st period - Stopped by Carter Hutton with a rebound.
3:38 of 1st period - Wrist shot by JT Compher.
3:38 of 1st period - Stopped by Carter Hutton with a rebound.
3:40 of 1st period - Snap shot by Nick Ritchie.
3:40 of 1st period - Stopped by Carter Hutton with a rebound.
3:42 of 1st period - Wrist shot by Nick Ritchie.
3:42 of 1st period - Shot Blocked by Hudson Fasching.
3:44 of 1st period - Slapshot by Haydn Fleury.
3:44 of 1st period - Shot Blocked by John Draeger.
3:46 of 1st period - Wrist shot by JT Compher.
3:46 of 1st period - Goal by JT Compher - Marlies : 1 - Thunderbirds : 0.
3:47 of 1st period - Elias Lindholm wins face-off versus Mathieu Olivier in neutral zone.
4:14 of 1st period - Jake Walman is hit by Shane Prince.
4:15 of 1st period - Icing by Jake Walman.
4:16 of 1st period - Quinton Howden wins face-off versus Aleksi Saarela in Thunderbirds zone.
4:23 of 1st period - Backhand shot by Quinton Howden.
4:23 of 1st period - Shot Misses the Net.
4:33 of 1st period - Haydn Fleury is hit by Niklas Hansson and loses puck.
5:04 of 1st period - Wrist shot by Nicholas Baptiste.
5:04 of 1st period - Shot Misses the Net.
5:28 of 1st period - Wrist shot by Aleksi Saarela.
5:28 of 1st period - Shot Misses the Net.
5:30 of 1st period - Backhand shot by Neal Pionk.
5:30 of 1st period - Stopped by Carter Hutton without a rebound.
5:31 of 1st period - Tom Kuhnhackl wins face-off versus Pavel Zacha in Thunderbirds zone.
5:46 of 1st period - Snap shot by Kirill Kaprizov.
5:46 of 1st period - Shot Misses the Net.
5:58 of 1st period - Griffin Reinhart is hit by Johan Larsson.
6:08 of 1st period - Icing by Logan Brown.
6:09 of 1st period - Elias Lindholm wins face-off versus Logan Brown in Marlies zone.
6:12 of 1st period - Snap shot by Tom Kuhnhackl.
6:12 of 1st period - Deflect By Elias Lindholm.
6:12 of 1st period - Shot Misses the Net.
6:12 of 1st period - Puck is out of play.
6:13 of 1st period - Elias Lindholm wins face-off versus Pavel Zacha in Marlies zone.
6:16 of 1st period - Snap shot by Elias Lindholm.
6:16 of 1st period - Shot Blocked by Tim Erixon.
6:26 of 1st period - Slapshot by Tom Kuhnhackl.
6:26 of 1st period - Shot Misses the Net.
6:28 of 1st period - Snap shot by Tom Kuhnhackl.
6:28 of 1st period - Stopped by Malcolm Subban without a rebound.
6:29 of 1st period - Quinton Howden wins face-off versus Logan Brown in Marlies zone.
6:36 of 1st period - Wrist shot by Quinton Howden.
6:36 of 1st period - Shot Blocked by Haydn Fleury.
6:38 of 1st period - Slapshot by Griffin Reinhart.
6:38 of 1st period - Shot Misses the Net.
6:42 of 1st period - Snap shot by Jerry D'Amigo.
6:42 of 1st period - Shot Misses the Net.
6:44 of 1st period - Backhand shot by Jerry D'Amigo.
6:44 of 1st period - Stopped by Malcolm Subban with a rebound.
6:54 of 1st period - Tom Kuhnhackl is hit by Pavel Zacha and loses puck.
7:11 of 1st period - Minor Penalty to Elias Lindholm for Roughing.
7:12 of 1st period - Pavel Zacha wins face-off versus Quinton Howden in Thunderbirds zone.
7:23 of 1st period - Viktor Baldayev is hit by Brett Pesce and loses puck.
9:11 of 1st period - Penalty to Elias Lindholm is over, Elias Lindholm is back on ice.
9:36 of 1st period - Wrist shot by Roberts Lipsbergs.
9:36 of 1st period - Stopped by Malcolm Subban without a rebound.
9:37 of 1st period - Linden Vey wins face-off versus Tanner Laczynski in Marlies zone.
10:41 of 1st period - Wrist shot by Aleksi Saarela.
10:41 of 1st period - Stopped by Carter Hutton with a rebound.
11:18 of 1st period - John Draeger is hit by JT Compher and loses puck.
11:29 of 1st period - Slapshot by Linden Vey.
11:29 of 1st period - Stopped by Carter Hutton without a rebound.
11:30 of 1st period - Quinton Howden wins face-off versus Logan Brown in Thunderbirds zone.
12:04 of 1st period - Elias Lindholm is hit by Brett Pesce and loses puck.
12:27 of 1st period - Snap shot by Aleksi Saarela.
12:27 of 1st period - Shot Misses the Net.
12:47 of 1st period - Tim Erixon is hit by Valentin Zykov and loses puck.
12:59 of 1st period - Icing by Nicholas Baptiste.
13:00 of 1st period - Elias Lindholm wins face-off versus Aleksi Saarela in Marlies zone.
13:45 of 1st period - Matt Puempel is hit by Logan Brown and loses puck.
14:04 of 1st period - Keaton Thompson is hit by Mathieu Olivier and loses puck.
16:05 of 1st period - Quinton Howden is hit by Pavel Zacha and loses puck.
16:27 of 1st period - Griffin Reinhart is hit by Mathieu Olivier and loses puck.
16:34 of 1st period - Wrist shot by Mathieu Olivier.
16:34 of 1st period - Shot Misses the Net.
16:36 of 1st period - Slapshot by Neal Pionk.
16:36 of 1st period - Deflect By Kirill Kaprizov.
16:36 of 1st period - Stopped by Carter Hutton with a rebound.
16:46 of 1st period - Wrist shot by Linden Vey.
16:46 of 1st period - Shot Misses the Net.
16:48 of 1st period - Snap shot by Johan Larsson.
16:48 of 1st period - Stopped by Carter Hutton with a rebound.
16:50 of 1st period - Slapshot by Aleksi Saarela.
16:50 of 1st period - Deflect By Johan Larsson.
16:50 of 1st period - Stopped by Carter Hutton with a rebound.
16:52 of 1st period - Snap shot by Linden Vey.
16:52 of 1st period - Goal by Linden Vey - Marlies : 2 - Thunderbirds : 0.
16:53 of 1st period - Quinton Howden wins face-off versus Pavel Zacha in neutral zone.
16:56 of 1st period - Slapshot by Griffin Reinhart.
16:56 of 1st period - Shot Blocked by Neal Pionk.
17:02 of 1st period - Slapshot by Neal Pionk.
17:02 of 1st period - Shot Misses the Net.
17:15 of 1st period - Icing by Jerry D'Amigo.
17:16 of 1st period - Elias Lindholm wins face-off versus Aleksi Saarela in Thunderbirds zone.
17:23 of 1st period - Brett Pesce is hit by Tom Kuhnhackl and loses puck.
17:30 of 1st period - Backhand shot by Elias Lindholm.
17:30 of 1st period - Shot Misses the Net.
17:32 of 1st period - Snap shot by Elias Lindholm.
17:32 of 1st period - Shot Misses the Net.
17:49 of 1st period - Wrist shot by Quinton Howden.
17:49 of 1st period - Deflect By Jerry D'Amigo.
17:49 of 1st period - Stopped by Malcolm Subban with a rebound.
17:51 of 1st period - Slapshot by Jerry D'Amigo.
17:51 of 1st period - Deflect By Quinton Howden.
17:51 of 1st period - Stopped by Malcolm Subban without a rebound.
17:52 of 1st period - Tom Kuhnhackl wins face-off versus Pavel Zacha in Marlies zone.
18:10 of 1st period - Minor Penalty to Tom Kuhnhackl for Boarding.
18:11 of 1st period - Nick Ritchie wins face-off versus Quinton Howden in Thunderbirds zone.
18:15 of 1st period - Backhand shot by Nick Ritchie.
18:15 of 1st period - Stopped by Carter Hutton with a rebound.
18:17 of 1st period - Snap shot by Pavel Zacha.
18:17 of 1st period - Shot Blocked by Niklas Hansson.
18:19 of 1st period - Slapshot by Pavel Zacha.
18:19 of 1st period - Shot Blocked by Griffin Reinhart.
18:21 of 1st period - Slapshot by Neal Pionk.
18:21 of 1st period - Shot Blocked by Niklas Hansson.
18:23 of 1st period - Wrist shot by Nick Ritchie.
18:23 of 1st period - Shot Blocked by Niklas Hansson.
18:25 of 1st period - Slapshot by Neal Pionk.
18:25 of 1st period - Stopped by Carter Hutton with a rebound.
18:27 of 1st period - Slapshot by Neal Pionk.
18:27 of 1st period - Shot Misses the Net.
Goals for this period are 2 for Marlies vs 0 for Thunderbirds.
Shots for this period are 13 for Marlies vs 6 for Thunderbirds.
2nd period
0:01 of 2nd period - Pavel Zacha wins face-off versus Quinton Howden in neutral zone.
0:10 of 2nd period - Penalty to Tom Kuhnhackl is over, Tom Kuhnhackl is back on ice.
0:41 of 2nd period - Slapshot by Aleksi Saarela.
0:41 of 2nd period - Stopped by Carter Hutton without a rebound.
0:42 of 2nd period - Elias Lindholm wins face-off versus Jakob Forsbacka-Karlsson in Thunderbirds zone.
0:47 of 2nd period - Haydn Fleury is hit by John Draeger and loses puck.
0:56 of 2nd period - Snap shot by Kirill Kaprizov.
0:56 of 2nd period - Stopped by Malcolm Subban with a rebound.
0:58 of 2nd period - Wrist shot by Elias Lindholm.
0:58 of 2nd period - Shot Misses the Net.
2:20 of 2nd period - Snap shot by Linden Vey.
2:20 of 2nd period - Shot Blocked by Kirill Kaprizov.
2:22 of 2nd period - Snap shot by Logan Brown.
2:22 of 2nd period - Goal by Logan Brown - Marlies : 3 - Thunderbirds : 0.
2:23 of 2nd period - JT Compher wins face-off versus Valentin Zykov in neutral zone.
2:50 of 2nd period - Tom Kuhnhackl is hit by Nicholas Baptiste and loses puck.
3:01 of 2nd period - Wrist shot by Aleksi Saarela.
3:01 of 2nd period - Stopped by Carter Hutton with a rebound.
3:11 of 2nd period - Wrist shot by Griffin Reinhart.
3:11 of 2nd period - Stopped by Malcolm Subban with a rebound.
3:13 of 2nd period - Slapshot by Niklas Hansson.
3:13 of 2nd period - Shot Misses the Net.
3:15 of 2nd period - Slapshot by Niklas Hansson.
3:15 of 2nd period - Shot Blocked by Johan Larsson.
3:48 of 2nd period - Icing by Keaton Thompson.
3:49 of 2nd period - Tanner Laczynski wins face-off versus JT Compher in Thunderbirds zone.
3:59 of 2nd period - Minor Penalty to Pavel Zacha for Holding.
4:00 of 2nd period - Logan Brown wins face-off versus Quinton Howden in Marlies zone.
4:07 of 2nd period - Off-side.
4:08 of 2nd period - Logan Brown wins face-off versus Quinton Howden in neutral zone.
4:43 of 2nd period - Slapshot by Griffin Reinhart.
4:43 of 2nd period - Stopped by Malcolm Subban with a rebound.
4:45 of 2nd period - Slapshot by Niklas Hansson.
4:45 of 2nd period - Shot Misses the Net.
4:47 of 2nd period - Snap shot by Kirill Kaprizov.
4:47 of 2nd period - Goal by Kirill Kaprizov - Marlies : 3 - Thunderbirds : 1.
4:48 of 2nd period - Pavel Zacha wins face-off versus Quinton Howden in neutral zone.
4:57 of 2nd period - Wrist shot by Quinton Howden.
4:57 of 2nd period - Shot Misses the Net.
5:13 of 2nd period - Neal Pionk is hit by Kirill Kaprizov.
5:41 of 2nd period - Slapshot by Hudson Fasching.
5:41 of 2nd period - Stopped by Malcolm Subban with a rebound.
5:43 of 2nd period - Wrist shot by Matt Puempel.
5:43 of 2nd period - Stopped by Malcolm Subban with a rebound.
5:57 of 2nd period - Snap shot by Tanner Laczynski.
5:57 of 2nd period - Stopped by Malcolm Subban with a rebound.
5:59 of 2nd period - Slapshot by John Draeger.
5:59 of 2nd period - Shot Blocked by Brett Pesce.
6:01 of 2nd period - Snap shot by Tanner Laczynski.
6:01 of 2nd period - Goal by Tanner Laczynski - Marlies : 3 - Thunderbirds : 2.
6:02 of 2nd period - Quinton Howden wins face-off versus Pavel Zacha in neutral zone.
6:30 of 2nd period - Kirill Kaprizov is hit by Nicholas Baptiste and loses puck.
6:47 of 2nd period - Neal Pionk is hit by Viktor Baldayev and loses puck.
7:19 of 2nd period - Slapshot by Neal Pionk.
7:19 of 2nd period - Stopped by Carter Hutton with a rebound.
7:21 of 2nd period - Wrist shot by Haydn Fleury.
7:21 of 2nd period - Shot Blocked by Viktor Baldayev.
7:59 of 2nd period - Wrist shot by Tom Kuhnhackl.
7:59 of 2nd period - Shot Misses the Net.
8:01 of 2nd period - Slapshot by Tom Kuhnhackl.
8:01 of 2nd period - Shot Blocked by Brett Pesce.
8:13 of 2nd period - Nick Ritchie is hit by Tanner Laczynski and loses puck.
9:01 of 2nd period - Snap shot by Johan Larsson.
9:01 of 2nd period - Stopped by Carter Hutton without a rebound.
9:02 of 2nd period - Elias Lindholm wins face-off versus Logan Brown in Thunderbirds zone.
9:07 of 2nd period - Backhand shot by Linden Vey.
9:07 of 2nd period - Shot Misses the Net.
9:29 of 2nd period - Slapshot by Griffin Reinhart.
9:29 of 2nd period - Shot Blocked by Lucas Carlsson.
9:35 of 2nd period - Slapshot by Griffin Reinhart.
9:35 of 2nd period - Stopped by Malcolm Subban with a rebound.
9:37 of 2nd period - Slapshot by Griffin Reinhart.
9:37 of 2nd period - Deflect By Mitchell Heard.
9:37 of 2nd period - Shot Misses the Net.
9:37 of 2nd period - Puck is out of play.
9:38 of 2nd period - Aleksi Saarela wins face-off versus Quinton Howden in Marlies zone.
10:26 of 2nd period - John Draeger is hit by Lucas Carlsson and loses puck.
10:43 of 2nd period - Roberts Lipsbergs is hit by Lucas Carlsson and loses puck.
11:55 of 2nd period - Slapshot by Neal Pionk.
11:55 of 2nd period - Shot Misses the Net.
12:25 of 2nd period - Slapshot by Niklas Hansson.
12:25 of 2nd period - Deflect By Jeff Corbett.
12:25 of 2nd period - Stopped by Malcolm Subban with a rebound.
12:27 of 2nd period - Snap shot by Quinton Howden.
12:27 of 2nd period - Shot Blocked by Jeff Corbett.
12:29 of 2nd period - Slapshot by Niklas Hansson.
12:29 of 2nd period - Stopped by Malcolm Subban with a rebound.
12:46 of 2nd period - Off-side.
12:47 of 2nd period - Elias Lindholm wins face-off versus Pavel Zacha in neutral zone.
12:52 of 2nd period - Snap shot by Tom Kuhnhackl.
12:52 of 2nd period - Shot Misses the Net.
12:58 of 2nd period - Wrist shot by Pavel Zacha.
12:58 of 2nd period - Stopped by Carter Hutton without a rebound.
12:59 of 2nd period - Pavel Zacha wins face-off versus Jerry D'Amigo in Thunderbirds zone.
13:08 of 2nd period - Snap shot by Nick Ritchie.
13:08 of 2nd period - Stopped by Carter Hutton without a rebound.
13:09 of 2nd period - Quinton Howden wins face-off versus Pavel Zacha in Thunderbirds zone.
13:36 of 2nd period - Snap shot by JT Compher.
13:36 of 2nd period - Shot Blocked by Valentin Zykov.
14:24 of 2nd period - Slapshot by JT Compher.
14:24 of 2nd period - Shot Misses the Net.
15:04 of 2nd period - Snap shot by Nick Ritchie.
15:04 of 2nd period - Stopped by Carter Hutton with a rebound.
15:52 of 2nd period - John Draeger is hit by JT Compher and loses puck.
16:49 of 2nd period - Pavel Zacha is hit by John Draeger and loses puck.
17:41 of 2nd period - Snap shot by Nick Ritchie.
17:41 of 2nd period - Stopped by Carter Hutton without a rebound.
17:42 of 2nd period - Elias Lindholm wins face-off versus Nicholas Baptiste in Thunderbirds zone.
17:49 of 2nd period - Snap shot by Tom Kuhnhackl.
17:49 of 2nd period - Stopped by Malcolm Subban without a rebound.
17:50 of 2nd period - Elias Lindholm wins face-off versus Aleksi Saarela in Marlies zone.
17:57 of 2nd period - Wrist shot by Elias Lindholm.
17:57 of 2nd period - Shot Misses the Net.
17:59 of 2nd period - Slapshot by Kirill Kaprizov.
17:59 of 2nd period - Shot Misses the Net.
18:17 of 2nd period - Wrist shot by Linden Vey.
18:17 of 2nd period - Stopped by Carter Hutton with a rebound.
18:25 of 2nd period - Backhand shot by Hudson Fasching.
18:25 of 2nd period - Shot Blocked by Johan Larsson.
18:37 of 2nd period - Slapshot by Brett Pesce.
18:37 of 2nd period - Shot Misses the Net.
18:39 of 2nd period - Wrist shot by Jakob Forsbacka-Karlsson.
18:39 of 2nd period - Shot Misses the Net.
18:41 of 2nd period - Slapshot by Tim Erixon.
18:41 of 2nd period - Stopped by Carter Hutton with a rebound.
18:43 of 2nd period - Wrist shot by Jakob Forsbacka-Karlsson.
18:43 of 2nd period - Shot Misses the Net.
18:45 of 2nd period - Wrist shot by Mathieu Olivier.
18:45 of 2nd period - Stopped by Carter Hutton without a rebound.
18:46 of 2nd period - Elias Lindholm wins face-off versus Aleksi Saarela in Thunderbirds zone.
18:59 of 2nd period - Snap shot by Tom Kuhnhackl.
18:59 of 2nd period - Shot Blocked by Lucas Carlsson.
19:01 of 2nd period - Slapshot by Keaton Thompson.
19:01 of 2nd period - Stopped by Malcolm Subban without a rebound.
19:02 of 2nd period - Logan Brown wins face-off versus Mitchell Heard in Marlies zone.
19:31 of 2nd period - Snap shot by Elias Lindholm.
19:31 of 2nd period - Stopped by Malcolm Subban with a rebound.
19:33 of 2nd period - Slapshot by Griffin Reinhart.
19:33 of 2nd period - Deflect By Jeff Corbett.
19:33 of 2nd period - Stopped by Malcolm Subban with a rebound.
19:35 of 2nd period - Slapshot by Elias Lindholm.
19:35 of 2nd period - Stopped by Malcolm Subban without a rebound.
19:36 of 2nd period - Elias Lindholm wins face-off versus Logan Brown in Marlies zone.
Goals for this period are 1 for Marlies vs 2 for Thunderbirds.
Shots for this period are 12 for Marlies vs 16 for Thunderbirds.
3rd period
0:01 of 3rd period - Elias Lindholm wins face-off versus Aleksi Saarela in neutral zone.
0:12 of 3rd period - Wrist shot by Tim Erixon.
0:12 of 3rd period - Deflect By Aleksi Saarela.
0:12 of 3rd period - Shot Misses the Net.
0:12 of 3rd period - Puck is out of play.
0:13 of 3rd period - Aleksi Saarela wins face-off versus Elias Lindholm in Thunderbirds zone.
0:14 of 3rd period - Slapshot by Neal Pionk.
0:14 of 3rd period - Deflect By Nicholas Baptiste.
0:14 of 3rd period - Shot Misses the Net.
0:14 of 3rd period - Puck is out of play.
0:15 of 3rd period - Elias Lindholm wins face-off versus Aleksi Saarela in Thunderbirds zone.
0:41 of 3rd period - Minor Penalty to Valentin Zykov for Hooking.
0:42 of 3rd period - Quinton Howden wins face-off versus Pavel Zacha in Thunderbirds zone.
0:57 of 3rd period - Snap shot by Quinton Howden.
0:57 of 3rd period - Stopped by Malcolm Subban without a rebound.
0:58 of 3rd period - Pavel Zacha wins face-off versus Quinton Howden in Marlies zone.
2:41 of 3rd period - Penalty to Valentin Zykov is over, Valentin Zykov is back on ice.
4:01 of 3rd period - Minor Penalty to Keaton Thompson for Boarding.
4:02 of 3rd period - Pavel Zacha wins face-off versus Quinton Howden in Thunderbirds zone.
4:07 of 3rd period - Wrist shot by Nick Ritchie.
4:07 of 3rd period - Stopped by Carter Hutton with a rebound.
4:27 of 3rd period - Jerry D'Amigo is hit by Nicholas Baptiste and loses puck.
5:42 of 3rd period - Viktor Baldayev is hit by Nicholas Baptiste and loses puck.
6:01 of 3rd period - Penalty to Keaton Thompson is over, Keaton Thompson is back on ice.
7:21 of 3rd period - Wrist shot by Clayton Keller.
7:21 of 3rd period - Shot Misses the Net.
8:17 of 3rd period - Slapshot by Griffin Reinhart.
8:17 of 3rd period - Shot Blocked by Neal Pionk.
8:31 of 3rd period - Icing by JT Compher.
8:32 of 3rd period - Elias Lindholm wins face-off versus Pavel Zacha in Marlies zone.
8:33 of 3rd period - Snap shot by Tom Kuhnhackl.
8:33 of 3rd period - Stopped by Malcolm Subban with a rebound.
8:53 of 3rd period - Slapshot by Jeff Corbett.
8:53 of 3rd period - Deflect By Nicholas Baptiste.
8:53 of 3rd period - Shot Misses the Net.
8:53 of 3rd period - Puck is out of play.
8:54 of 3rd period - Quinton Howden wins face-off versus Aleksi Saarela in Thunderbirds zone.
9:11 of 3rd period - Slapshot by Nicholas Baptiste.
9:11 of 3rd period - Shot Misses the Net.
9:40 of 3rd period - Slapshot by Nicholas Baptiste.
9:40 of 3rd period - Stopped by Carter Hutton without a rebound.
9:41 of 3rd period - Elias Lindholm wins face-off versus Pavel Zacha in Thunderbirds zone.
9:54 of 3rd period - Snap shot by Tom Kuhnhackl.
9:54 of 3rd period - Stopped by Malcolm Subban with a rebound.
9:56 of 3rd period - Snap shot by Elias Lindholm.
9:56 of 3rd period - Shot Misses the Net.
10:10 of 3rd period - Snap shot by Jeff Corbett.
10:10 of 3rd period - Stopped by Carter Hutton without a rebound.
10:11 of 3rd period - Logan Brown wins face-off versus Matt Puempel in Thunderbirds zone.
10:14 of 3rd period - Snap shot by Johan Larsson.
10:14 of 3rd period - Shot Misses the Net.
10:16 of 3rd period - Slapshot by Johan Larsson.
10:16 of 3rd period - Shot Misses the Net.
10:18 of 3rd period - Wrist shot by Linden Vey.
10:18 of 3rd period - Deflect By Logan Brown.
10:18 of 3rd period - Shot Misses the Net.
10:18 of 3rd period - Puck is out of play.
10:19 of 3rd period - Mitchell Heard wins face-off versus JT Compher in Thunderbirds zone.
11:08 of 3rd period - Wrist shot by Tom Kuhnhackl.
11:08 of 3rd period - Stopped by Malcolm Subban with a rebound.
11:12 of 3rd period - Wrist shot by Tom Kuhnhackl.
11:12 of 3rd period - Stopped by Malcolm Subban with a rebound.
11:14 of 3rd period - Wrist shot by Tom Kuhnhackl.
11:14 of 3rd period - Goal by Tom Kuhnhackl - Marlies : 3 - Thunderbirds : 3.
11:15 of 3rd period - Quinton Howden wins face-off versus Pavel Zacha in neutral zone.
11:17 of 3rd period - Off-side.
11:18 of 3rd period - Quinton Howden wins face-off versus Nick Ritchie in neutral zone.
11:22 of 3rd period - Off-side.
11:23 of 3rd period - Pavel Zacha wins face-off versus Quinton Howden in neutral zone.
11:30 of 3rd period - Jerry D'Amigo is hit by Nick Ritchie and loses puck.
12:03 of 3rd period - Quinton Howden is hit by Neal Pionk and loses puck.
12:12 of 3rd period - Snap shot by Nick Ritchie.
12:12 of 3rd period - Shot Misses the Net.
12:14 of 3rd period - Wrist shot by JT Compher.
12:14 of 3rd period - Shot Misses the Net.
12:21 of 3rd period - Minor Penalty to Niklas Hansson for Hooking.
12:22 of 3rd period - Elias Lindholm wins face-off versus Aleksi Saarela in Thunderbirds zone.
12:36 of 3rd period - Tom Kuhnhackl is hit by Neal Pionk and loses puck.
13:13 of 3rd period - Matt Puempel is hit by JT Compher and loses puck.
14:21 of 3rd period - Penalty to Niklas Hansson is over, Niklas Hansson is back on ice.
14:34 of 3rd period - Tyler Benson is hit by Roberts Lipsbergs.
14:54 of 3rd period - Lucas Carlsson is hit by Matt Puempel and loses puck.
15:31 of 3rd period - Pavel Zacha is hit by Jerry D'Amigo and loses puck.
16:47 of 3rd period - Off-side.
16:48 of 3rd period - Jakob Forsbacka-Karlsson wins face-off versus Elias Lindholm in neutral zone.
18:22 of 3rd period - Linden Vey is hit by Elias Lindholm and loses puck.
18:33 of 3rd period - Wrist shot by Kirill Kaprizov.
18:33 of 3rd period - Shot Blocked by Tim Erixon.
18:51 of 3rd period - Lucas Carlsson is hit by Quinton Howden and loses puck.
Goals for this period are 0 for Marlies vs 1 for Thunderbirds.
Shots for this period are 3 for Marlies vs 6 for Thunderbirds.
Overtime #1
0:01 of 1st overtime period - Logan Brown wins face-off versus Valentin Zykov in neutral zone.
0:04 of 1st overtime period - Slapshot by Haydn Fleury.
0:04 of 1st overtime period - Shot Blocked by Valentin Zykov.
0:06 of 1st overtime period - Snap shot by Nick Ritchie.
0:06 of 1st overtime period - Shot Misses the Net.
0:08 of 1st overtime period - Slapshot by Tim Erixon.
0:08 of 1st overtime period - Stopped by Carter Hutton without a rebound.
0:09 of 1st overtime period - Logan Brown wins face-off versus Quinton Howden in Thunderbirds zone.
0:16 of 1st overtime period - Slapshot by Nick Ritchie.
0:16 of 1st overtime period - Shot Hit the Post.
0:20 of 1st overtime period - Snap shot by Nick Ritchie.
0:20 of 1st overtime period - Shot Misses the Net.
0:22 of 1st overtime period - Slapshot by Tim Erixon.
0:22 of 1st overtime period - Shot Blocked by Griffin Reinhart.
0:50 of 1st overtime period - Snap shot by Valentin Zykov.
0:50 of 1st overtime period - Stopped by Malcolm Subban with a rebound.
1:00 of 1st overtime period - Wrist shot by Logan Brown.
1:00 of 1st overtime period - Stopped by Carter Hutton without a rebound.
1:01 of 1st overtime period - Elias Lindholm wins face-off versus Pavel Zacha in Thunderbirds zone.
1:42 of 1st overtime period - Snap shot by Nicholas Baptiste.
1:42 of 1st overtime period - Stopped by Carter Hutton with a rebound.
2:11 of 1st overtime period - Wrist shot by Matt Puempel.
2:11 of 1st overtime period - Shot Blocked by Tim Erixon.
2:20 of 1st overtime period - Icing by Elias Lindholm.
2:21 of 1st overtime period - Quinton Howden wins face-off versus Logan Brown in Thunderbirds zone.
3:01 of 1st overtime period - Niklas Hansson is hit by Haydn Fleury and loses puck.
3:28 of 1st overtime period - Snap shot by Griffin Reinhart.
3:28 of 1st overtime period - Stopped by Malcolm Subban without a rebound.
3:29 of 1st overtime period - Logan Brown wins face-off versus Quinton Howden in Marlies zone.
4:17 of 1st overtime period - Snap shot by Aleksi Saarela.
4:17 of 1st overtime period - Shot Misses the Net.
4:43 of 1st overtime period - Griffin Reinhart is hit by Tim Erixon and loses puck.
4:50 of 1st overtime period - Tim Erixon is hit by John Draeger.
Goals for this period are 0 for Marlies vs 0 for Thunderbirds.
Shots for this period are 3 for Marlies vs 2 for Thunderbirds.
ShootOut
5:00 of 1st overtime period - Round #1.
5:00 of 1st overtime period - Marlies, Nick Ritchie.
5:00 of 1st overtime period - Wrist shot by Nick Ritchie.
5:00 of 1st overtime period - Stopped by Carter Hutton.
5:00 of 1st overtime period - Thunderbirds, Tanner Laczynski.
5:00 of 1st overtime period - Wrist shot by Tanner Laczynski.
5:00 of 1st overtime period - Shot Misses the Net.
5:00 of 1st overtime period - Round #2.
5:00 of 1st overtime period - Marlies, Aleksi Saarela.
5:00 of 1st overtime period - Backhand shot by Aleksi Saarela.
5:00 of 1st overtime period - Goal by Aleksi Saarela.
5:00 of 1st overtime period - Thunderbirds, Tom Kuhnhackl.
5:00 of 1st overtime period - Wrist shot by Tom Kuhnhackl.
5:00 of 1st overtime period - Stopped by Malcolm Subban.
5:00 of 1st overtime period - Round #3.
5:00 of 1st overtime period - Marlies, JT Compher.
5:00 of 1st overtime period - Backhand shot by JT Compher.
5:00 of 1st overtime period - Goal by JT Compher.
Output by the SimonT Hockey Simulator (STHS) for Francois Prevost